[Event "Team 45 45 League T54"]
[Site "Internet Chess Club"]
[Date "2012.09.16"]
[Round "5"]
[White "jotap"]
[Black "vollmerj"]
[Result "0-1"]
[WhiteElo "1626"]
[BlackElo "1718"]
[Opening "English: Anglo-Dutch defense"]
[ECO "A10"]
[Time "08:30:14"]
[TimeControl "2700+45"]

1. c4 f5 2. Nc3 Nf6 3. Nf3 g6 4. d4 Bg7 5. e3 O-O 6. Bd3 c6 7. O-O e6 8. c5 d5
9. b4 Nbd7 10. b5 Ne4 11. bxc6 bxc6 12. Na4 e5 13. Rb1 exd4 14. exd4 Qa5 15. Ng5
Nxg5 16. Bxg5 Bxd4 17. Be7 Rf7 18. Re1 Bxc5 19. Nxc5 Nxc5 20. Bxc5 Qxc5 21. Rc1
Qd6 22. Re8+ Rf8 23. Rxf8+ Kxf8 24. Bc4 Be6 25. Qd4 Kg8 26. h4 Rd8 27. Bb3 Qe7
28. Rxc6 Bf7 29. Qf6 Qxf6 30. Rxf6 Rd7 31. Kf1 Kg7 32. Ra6 d4 33. Bxf7 Kxf7 34.
Ke2 h6 35. Kd3 Kg7 36. Ra4 Kf6 37. Rxd4 Rxd4+ 38. Kxd4 Ke6 39. Kc5 Ke5 40. a4
Ke4 41. a5 Kd3 42. a6 Ke2 43. Kc6 Kxf2 44. Kb7 Kxg2 45. Kxa7 f4 46. Kb7 f3 47.
a7 f2 48. a8=Q f1=Q 49. Kc7+ Qf3 50. Qa2+ Kg3 51. Qe6 Qf5 52. Qe1+ Kg4 53. Qe3
Qf4+ 54. Qxf4+ Kxf4 55. Kd6 Kg4 56. Ke5 Kxh4 57. Kf4 g5+ 58. Kf3 g4+ 59. Kg2 h5
60. Kh2 g3+ 61. Kg2 Kg4 62. Kh1 h4 63. Kg2 h3+ 64. Kg1 Kf4 65. Kh1 Kf3 66. Kg1
g2 67. Kh2 Kf2 68. Kxh3 g1=Q {White resigns} 0-1

[Event "Team 45 45 League T54"]
[Site "Internet Chess Club"]
[Date "2012.09.16"]
[Round "5"]
[White "Lee-D"]
[Black "Megasus"]
[Result "1-0"]
[WhiteElo "1407"]
[BlackElo "1482"]
[Opening "Queen's pawn game"]
[ECO "A46"]
[Time "13:02:15"]
[TimeControl "2700+45"]

1. d4 Nf6 2. Nf3 c6 3. Bg5 Ne4 4. Bh4 Qa5+ 5. c3 h6 6. Qd3 Ng5 7. Nxg5 hxg5 8.
Bg3 Na6 9. Nd2 d6 10. e4 e6 11. Be2 b5 12. e5 d5 13. O-O Bd7 14. f4 gxf4 15.
Rxf4 Be7 16. Qf3 Rf8 17. Qg4 O-O-O 18. Qxg7 Be8 19. Bh5 Qc7 20. Bxf7 Bxf7 21.
Rxf7 Rxf7 22. Qxf7 Qd7 23. Qh5 Nc7 24. Rf1 Rf8 25. Rxf8+ Bxf8 26. Nf3 Ne8 27.
Nh4 Ng7 28. Qf3 Nf5 29. Nxf5 exf5 30. Qf4 Qe6 31. Bh4 a5 32. g4 fxg4 33. Qxf8+
Kb7 34. Qf6 {Black resigns} 1-0

[Event "Team 45 45 League T54"]
[Site "Internet Chess Club"]
[Date "2012.09.16"]
[Round "5"]
[White "egyptiantiger"]
[Black "QueensCounselor"]
[Result "1/2-1/2"]
[WhiteElo "2086"]
[BlackElo "2065"]
[Opening "QGD Slav: 4.Nc3"]
[ECO "D15"]
[Time "15:16:46"]
[TimeControl "2700+45"]

1. d4 Nf6 2. Nf3 d5 3. c4 c6 4. Nc3 Bf5 5. Qb3 Qb6 6. c5 Qxb3 7. axb3 g6 8. Bf4
Nbd7 9. e3 Bg7 10. h3 O-O 11. b4 Ne4 12. g4 Be6 13. Bd3 f5 14. g5 a6 15. Ke2
Rae8 16. Nb1 Bf7 17. Ne5 Nxe5 18. dxe5 Nxg5 19. Bxg5 Bxe5 20. Nc3 Bg7 21. Kd2 e5
22. Bh4 h6 23. Bg3 Bf6 24. Ra3 Rd8 25. Kc2 Rfe8 26. Bxa6 bxa6 27. Rxa6 Re6 28.
Rha1 f4 29. exf4 exf4 30. Bxf4 d4 31. Nb1 d3+ 32. Kd1 Bxb2 33. R1a2 Bg7 34. Be3
Re4 35. Ra8 Rxa8 36. Rxa8+ Kh7 37. Rb8 g5 38. Kd2 Rh4 39. Nc3 Rc4 40. Nb1 Rc2+
41. Ke1 Bd5 42. Rb7 Kg6 43. Rd7 Be5 44. Rd8 Rb2 45. Nd2 Rxb4 46. f3 Rh4 47. Ne4
Rxh3 48. Nf2 Rxf3 49. Kd2 Bf4 50. Nd1 g4 51. Bxf4 Rxf4 52. Kxd3 Rf6 53. Ne3 Bf3
54. Rg8+ Kf7 55. Nxg4 Bxg4 {Game drawn by mutual agreement} 1/2-1/2

[Event "Team 45 45 League T54"]
[Site "Internet Chess Club"]
[Date "2012.09.17"]
[Round "5"]
[White "fledermaus"]
[Black "barbak"]
[Result "1/2-1/2"]
[WhiteElo "1977"]
[BlackElo "1930"]
[Opening "QGD: Tarrasch, Prague variation, 9.Bg5"]
[ECO "D34"]
[Time "14:10:43"]
[TimeControl "2700+45"]

1. d4 d5 2. c4 e6 3. Nc3 c5 4. cxd5 exd5 5. Nf3 Nc6 6. g3 Nf6 7. Bg2 Be7 8. O-O
O-O 9. Bg5 cxd4 10. Nxd4 h6 11. Be3 Re8 12. Rc1 Bf8 13. Nxc6 bxc6 14. Na4 Bd7
15. Bc5 Bxc5 16. Nxc5 Bg4 17. Re1 Qa5 18. Qc2 Rac8 19. b3 Bh5 20. Bh3 Rc7 21.
Bf5 Ng4 22. Qc3 Qb6 23. Qf3 Nf6 24. g4 Bg6 25. e3 Bxf5 26. Qxf5 Ne4 27. Nxe4
Rxe4 28. h3 Re6 29. Red1 Rce7 30. Rc3 Qa6 31. Qc2 Rf6 32. Rxd5 g6 33. Rd8+ Kg7
34. Rcd3 Ree6 35. Qc3 Qxa2 36. Rd2 Qb1+ 37. Rd1 Qe4 38. R1d4 Qf3 39. Rf4 Qxh3
40. Rdd4 Qh4 41. Rc4 Rd6 42. Rcd4 Rde6 43. Ra4 {Game drawn by mutual agreement}
1/2-1/2

[Event "Team 45 45 League T54"]
[Site "Internet Chess Club"]
[Date "2012.09.15"]
[Round "5"]
[White "cheVelle"]
[Black "SaltofLife"]
[Result "0-1"]
[WhiteElo "1852"]
[BlackElo "1896"]
[Opening "Sicilian: O'Kelly variation"]
[ECO "B28"]
[Time "16:12:23"]
[TimeControl "2700+45"]

1. e4 c5 2. Nf3 a6 3. d4 cxd4 4. Nxd4 Nf6 5. Nc3 e5 6. Nf3 Bb4 7. Bd3 d5 8. exd5
e4 9. Qe2 O-O 10. Bxe4 Nxe4 11. Qc4 Bxc3+ 12. bxc3 Nf6 13. O-O Qxd5 14. Qh4 Be6
15. Bg5 Nbd7 16. Nd4 Qe4 17. f4 Qe3+ 18. Kh1 Qxc3 19. Rad1 Rfd8 20. Rf3 Qc5 21.
Rg3 Kh8 22. Nxe6 fxe6 23. Rgd3 Qf8 24. Rh3 Qg8 25. Re1 Rac8 26. Rhe3 Rc6 27. Qh3
Re8 28. c3 b5 29. Qf3 Rec8 30. Qh3 Nd5 31. Rxe6 Rxe6 32. Qxe6 Qxe6 33. Rxe6 h6
34. Bxh6 gxh6 35. Rxh6+ Kg7 36. Rxa6 Rxc3 37. g3 Ne3 38. Kg1 Nc5 39. Ra7+ Kf6
40. Kf2 Ng4+ 41. Ke2 Rc2+ 42. Kd1 Rxh2 43. Kc1 Nd3+ 44. Kb1 Ne3 45. a3 Rb2+
{White resigns} 0-1

[Event "Team 45 45 League T54"]
[Site "Internet Chess Club"]
[Date "2012.09.16"]
[Round "5"]
[White "fishhead"]
[Black "infiniteshug"]
[Result "1-0"]
[WhiteElo "1721"]
[BlackElo "1900"]
[Opening "Caro-Kann: two knights, 3...Bg4"]
[ECO "B10"]
[Time "11:00:41"]
[TimeControl "2700+45"]

1. e4 c6 2. Nf3 d5 3. Nc3 Bg4 4. h3 Bxf3 5. Qxf3 Nf6 6. d3 e6 7. g4 g6 8. Bg2
Nbd7 9. Qg3 d4 10. Ne2 e5 11. f4 Bd6 12. O-O Qe7 13. c3 dxc3 14. bxc3 O-O-O 15.
Qe3 h5 16. g5 Nh7 17. h4 f6 18. Bh3 exf4 19. Nxf4 fxg5 20. Nxg6 Qg7 21. Nxh8 Qe5
22. Bxd7+ Rxd7 23. Qh3 g4 24. Qg2 Qxh8 25. d4 Qd8 26. e5 Bc7 27. Qg3 c5 28. Be3
cxd4 29. cxd4 Rxd4 30. Bxd4 Qxd4+ 31. Qf2 Qxe5 32. Qf5+ Qxf5 33. Rxf5 Bd8 34.
Rxh5 Nf6 35. Rh8 Ne4 36. Rd1 Kc7 37. Rdxd8 Nd6 38. Rxd6 Kxd6 39. Rg8 Ke5 40.
Rxg4 Kf5 41. Rg7 Kf6 42. Rxb7 a5 43. Kg2 Kg6 {Black resigns} 1-0

[Event "Team 45 45 League T54"]
[Site "Internet Chess Club"]
[Date "2012.09.15"]
[Round "5"]
[White "Logos1"]
[Black "CHENENE"]
[Result "0-1"]
[WhiteElo "1911"]
[BlackElo "1610"]
[Opening "Sicilian: Pelikan (Lasker/Sveshnikov) variation"]
[ECO "B33"]
[Time "20:44:40"]
[TimeControl "2700+45"]

1. e4 c5 2. Nf3 Nc6 3. d4 cxd4 4. Nxd4 Nf6 5. Nc3 e5 6. Nf3 Bb4 7. Bc4 d6 8. O-O
h6 9. h3 O-O 10. Qd3 Be6 11. Bb3 Bxc3 12. bxc3 d5 13. exd5 Bxd5 14. Qe3 Qb6 15.
Qe2 Rfe8 16. Be3 Qa5 17. c4 Be4 18. Rfd1 Rad8 19. Rxd8 Rxd8 20. Rd1 Qc7 21.
Rxd8+ Qxd8 22. Nd2 Bg6 23. Bc5 b6 24. Ba3 Qd4 25. Nf3 Qe4 26. Qxe4 Bxe4 27. Nd2
Bg6 28. f3 Nd4 29. Bd6 Nd7 30. Ba4 Nc5 31. Bb5 f6 32. Nb3 Ncxb3 33. cxb3 Bb1 34.
c5 Nxb5 35. cxb6 axb6 36. Be7 Bxa2 37. Bd8 Bxb3 38. Bxb6 Kf7 39. Kf2 f5 40. Ke3
g6 41. Bc5 Ke6 42. Bf8 h5 43. Bc5 Kd5 44. Be7 Bc4 45. g4 f4+ 46. Kf2 Nd4 47.
gxh5 gxh5 48. Bd8 Be2 49. Bb6 Bd1 50. Ba7 Nxf3 51. Bb6 Ke4 52. Bc5 Ng5 53. h4
Ne6 54. Be7 Kf5 55. Ke1 Ba4 56. Kf2 e4 57. Bd6 Kg4 58. Be7 e3+ 59. Ke1 Nd4 60.
Bg5 Nf3+ 61. Kf1 Nxg5 {White resigns} 0-1

[Event "Team 45 45 League T54"]
[Site "Internet Chess Club"]
[Date "2012.09.14"]
[Round "5"]
[White "NAN"]
[Black "kasperloff"]
[Result "1/2-1/2"]
[WhiteElo "1974"]
[BlackElo "1817"]
[Opening "Grünfeld: modern exchange variation"]
[ECO "D85"]
[Time "15:01:26"]
[TimeControl "2700+45"]

1. d4 Nf6 2. c4 g6 3. Nc3 d5 4. cxd5 Nxd5 5. e4 Nxc3 6. bxc3 Bg7 7. Nf3 c5 8.
Rb1 O-O 9. Be2 b6 10. O-O Bb7 11. Qd3 Ba6 12. Qe3 e6 13. Ba3 Qd7 14. dxc5 Qa4
15. Bb4 bxc5 16. Bxc5 Rc8 17. Bd4 Nc6 18. Bxg7 Kxg7 19. Bxa6 Qxa6 20. e5 Ne7 21.
Qg5 Nd5 22. h4 h6 23. Qd2 Rxc3 24. Rfc1 Rac8 25. Rxc3 Rxc3 26. Rb3 Qc4 27. Rxc3
Qxc3 28. Qxc3 Nxc3 29. a3 Kf8 30. Kf1 Ke8 31. Nd4 Kd7 32. g4 Kc7 33. Ke1 Kb6 34.
Nc2 a5 35. Kd2 Nd5 36. Kd3 Nf4+ 37. Ke4 Nd5 38. f4 Kc5 39. f5 gxf5+ 40. gxf5 Kc4
41. fxe6 fxe6 42. Nd4 Nc3+ 43. Ke3 Nd5+ 44. Ke4 Nc7 45. h5 a4 46. Nc2 Kc3 47.
Nd4 Kb2 48. Kd3 Kxa3 49. Kc3 Nd5+ 50. Kc2 Nf4 51. Kc3 Ka2 52. Kc2 a3 53. Nb5
Nxh5 54. Nc3+ Ka1 55. Kb3 a2 56. Nxa2 Kb1 57. Nb4 Ng7 58. Kc3 h5 59. Kd3 Kc1 60.
Ke3 Kd1 61. Kf3 Kd2 62. Kf4 Kc3 63. Nc6 Kc4 64. Ne7 Kd3 65. Nc6 Ke2 66. Kg5 Ke3
67. Nd8 Ke4 68. Nxe6 Nxe6+ {Game drawn by mutual agreement} 1/2-1/2

[Event "Team 45 45 League T54"]
[Site "Internet Chess Club"]
[Date "2012.09.15"]
[Round "5"]
[White "SimplyClaudia"]
[Black "RedAttack"]
[Result "1-0"]
[WhiteElo "1825"]
[BlackElo "1859"]
[Opening "QGD Slav defense: exchange variation"]
[ECO "D13"]
[Time "18:01:06"]
[TimeControl "2700+45"]

1. d4 c6 2. c4 d5 3. cxd5 cxd5 4. Nc3 Nf6 5. Nf3 Nc6 6. Bf4 a6 7. e3 Bf5 8. Bd3
Bg4 9. O-O g6 10. Rc1 Bg7 11. h3 Bd7 12. Ne5 O-O 13. Qf3 Nb4 14. Bb1 Be8 15. a3
Nc6 16. Bg5 Rc8 17. Ba2 h6 18. Bxf6 Bxf6 19. Ng4 Bg7 20. Nxd5 Kh7 21. Rfd1 f5
22. Nh2 Bf7 23. Nc3 Qe8 24. Bb1 e5 25. d5 e4 26. Qe2 Ne5 27. f3 Qe7 28. fxe4
fxe4 29. Bxe4 Rfe8 30. d6 Qd7 31. Nf3 Re6 32. Nxe5 Bxe5 33. Qg4 Bxd6 34. Bd5 h5
35. Bxe6 Bxe6 36. Qd4 Rd8 37. Ne4 {Black resigns} 1-0

[Event "Team 45 45 League T54"]
[Site "Internet Chess Club"]
[Date "2012.09.18"]
[Round "5"]
[White "FlyingTiger"]
[Black "SugarIslander"]
[Result "1/2-1/2"]
[WhiteElo "1741"]
[BlackElo "1658"]
[Opening "Caro-Kann: advance variation"]
[ECO "B12"]
[Time "19:00:07"]
[TimeControl "2700+45"]

1. e4 c6 2. d4 d5 3. e5 Bf5 4. Nd2 c5 5. dxc5 e6 6. Nb3 Bxc5 7. Nxc5 Qa5+ 8. c3
Qxc5 9. Qa4+ Nc6 10. Be3 Qa5 11. Qxa5 Nxa5 12. Bb5+ Nc6 13. f4 a6 14. Bxc6+ bxc6
15. Ne2 Ne7 16. Bc5 Rb8 17. b4 Be4 18. Nd4 Rc8 19. Kf2 Ng6 20. Ne2 h5 21. h4 Bd3
22. g3 Bxe2 23. Kxe2 Ne7 24. Bxe7 Kxe7 25. a4 Rc7 26. Rhb1 Rhc8 27. Kd3 g6 28.
Ra3 Kd7 29. Rab3 c5 30. bxc5 Rxc5 31. Rb7+ R8c7 32. Rxc7+ Kxc7 33. Rb4 a5 34.
Rb3 Rc4 {Game drawn by mutual agreement} 1/2-1/2

[Event "Team 45 45 League T54"]
[Site "Internet Chess Club"]
[Date "2012.09.14"]
[Round "5"]
[White "rom1"]
[Black "krysto"]
[Result "1-0"]
[WhiteElo "1605"]
[BlackElo "1546"]
[Opening "Nimzo-Indian: classical variation"]
[ECO "E32"]
[Time "14:05:26"]
[TimeControl "2700+45"]

1. d4 Nf6 2. c4 e6 3. Nc3 Bb4 4. Qc2 O-O 5. e4 Bxc3+ 6. bxc3 d6 7. Bd3 e5 8. Ne2
c5 9. O-O Nc6 10. d5 Ne7 11. f4 exf4 12. Bxf4 Ng6 13. Bg5 Ne5 14. Ng3 Kh8 15.
Nh5 Neg4 16. e5 Ne3 17. exf6 g6 18. Bxe3 {Black resigns} 1-0

[Event "Team 45 45 League T54"]
[Site "Internet Chess Club"]
[Date "2012.09.18"]
[Round "5"]
[White "milesotoole"]
[Black "oldsj"]
[Result "1/2-1/2"]
[WhiteElo "1626"]
[BlackElo "1626"]
[Opening "Sicilian: closed, 2...Nc6"]
[ECO "B23"]
[Time "20:34:33"]
[TimeControl "2700+45"]

1. e4 c5 2. Nc3 Nc6 3. Bb5 a6 4. Bxc6 bxc6 5. f4 e6 6. d3 g6 7. Nf3 Bg7 8. O-O
Ne7 9. Qe1 O-O 10. Qh4 d5 11. f5 exf5 12. Bh6 fxe4 13. Bxg7 Nf5 14. Qxd8 Rxd8
15. dxe4 Nxg7 16. Rad1 d4 17. Na4 Ne6 18. Ne5 Bd7 19. Nxd7 Rxd7 20. Nb6 Rad8 21.
Nxd7 Rxd7 22. b3 a5 23. c3 c4 24. cxd4 cxb3 25. axb3 Rxd4 26. Rxd4 Nxd4 27. Rf6
Ne6 28. Rf3 Kf8 29. Rc3 c5 30. Kf2 Ke7 31. e5 Kd7 32. Rf3 Ke7 33. Rd3 Nd4 34.
Rc3 Ne6 35. Rd3 Nd4 36. Rc3 Ne6 37. Rd3 {Game drawn by repetition} 1/2-1/2

[Event "Team 45 45 League T54"]
[Site "Internet Chess Club"]
[Date "2012.09.13"]
[Round "5"]
[White "nanning"]
[Black "Berke"]
[Result "1-0"]
[WhiteElo "1651"]
[BlackElo "1522"]
[Opening "Dutch defense"]
[ECO "A92"]
[Time "14:00:40"]
[TimeControl "2700+45"]

1. d4 e6 2. c4 f5 3. g3 Nf6 4. Bg2 Be7 5. Nf3 O-O 6. O-O a5 7. Nc3 d6 8. b3 Qe8
9. Nb5 Bd8 10. Bf4 Na6 11. a4 Ne4 12. Nd2 Nxd2 13. Qxd2 e5 14. dxe5 dxe5 15.
Qd5+ Kh8 16. Qxe5 Qxe5 17. Bxe5 Bf6 18. Bxf6 Rxf6 19. Rad1 Rf8 20. f4 c6 21. Nd6
Nc5 22. Rb1 g6 23. Rfd1 Be6 24. e4 fxe4 25. Nxe4 Na6 26. Nd6 Rab8 27. Re1 Bf5
28. Nxf5 Rxf5 29. Re3 Kg7 30. Re7+ Rf7 31. Rbe1 Kf8 32. R7e5 Nb4 33. Rxa5 b5 34.
axb5 cxb5 35. Rxb5 Rxb5 36. cxb5 Rf6 37. Re4 Nd3 38. Rd4 Nc1 39. Rd8+ Kg7 40.
Bd5 Ne2+ 41. Kf2 Nc3 42. Bc4 Kh6 43. Rb8 g5 44. Kf3 gxf4 45. gxf4 Nb1 46. b6 Na3
47. b7 Rb6 48. Bd5 Nb5 49. Re8 Nd4+ 50. Kf2 Nxb3 51. Bxb3 {Black resigns} 1-0

[Event "Team 45 45 League T54"]
[Site "Internet Chess Club"]
[Date "2012.09.17"]
[Round "5"]
[White "ChessChamp"]
[Black "AVEMARIA"]
[Result "1-0"]
[WhiteElo "1728"]
[BlackElo "1669"]
[Opening "French: Steinitz, Boleslavsky variation"]
[ECO "C11"]
[Time "17:02:00"]
[TimeControl "2700+45"]

1. e4 e6 2. d4 d5 3. Nc3 Nf6 4. e5 Nfd7 5. f4 c5 6. Nf3 Nc6 7. Be3 a6 8. Qd2 b5
9. a3 Qb6 10. Be2 Bb7 11. O-O cxd4 12. Nxd4 Nxd4 13. Bxd4 Bc5 14. Rad1 Rc8 15.
Bf3 O-O 16. Ne2 Rc7 17. c3 Bxd4+ 18. Nxd4 Nc5 19. Rde1 Nb3 20. Qe3 Nxd4 21. cxd4
Rc4 22. Rc1 Rfc8 23. Kh1 Qxd4 24. Qxd4 Rxd4 25. Rxc8+ Bxc8 26. Rc1 Rc4 27. Rxc4
bxc4 28. Kg1 Kf8 29. Kf2 Ke7 30. Ke3 Kd7 31. Kd4 Kc6 32. Bh5 g6 33. Bd1 Kb6 34.
Ba4 Ka5 35. Be8 h6 36. h4 g5 37. fxg5 hxg5 38. h5 f6 {Black resigns} 1-0

[Event "Team 45 45 League T54"]
[Site "Internet Chess Club"]
[Date "2012.09.13"]
[Round "5"]
[White "Kingofknights"]
[Black "moomaster"]
[Result "0-1"]
[WhiteElo "1549"]
[BlackElo "1762"]
[Opening "QGD Slav: Tolush-Geller gambit"]
[ECO "D15"]
[Time "19:15:24"]
[TimeControl "2700+45"]

1. d4 d5 2. c4 c6 3. Nf3 Nf6 4. Nc3 dxc4 5. e4 b5 6. e5 Nd5 7. a4 b4 8. Ne4 c3
9. bxc3 Bf5 10. Ng3 Nxc3 11. Qd2 Bg6 12. a5 e6 13. Bb2 Nd5 14. Be2 Be7 15. O-O
O-O 16. Bd3 Nd7 17. Bxg6 hxg6 18. Rfc1 c5 19. Ne4 cxd4 20. Bxd4 a6 21. Qd3 Nf4
22. Qe3 Nd5 23. Qd3 Nb8 24. Nc5 Nc6 25. Nxe6 fxe6 26. Rxc6 Nf4 27. Qe4 g5 28.
Bb6 Qd7 29. Rc7 Qe8 30. Qb7 Nd5 31. Rd7 b3 32. Rb1 Qg6 33. Rb2 Rfb8 34. Qc6 Rc8
35. Bc7 Ra7 36. Rxd5 Raxc7 37. Qxc7 Rxc7 38. Rd1 Qc2 39. Rbb1 b2 40. Ne1 Qc1 41.
Nd3 Qc3 42. Nxb2 Qc2 43. Nd3 Rd7 {White forfeits on time} 0-1

[Event "Team 45 45 League T54"]
[Site "Internet Chess Club"]
[Date "2012.09.15"]
[Round "5"]
[White "whiskeytown"]
[Black "werty"]
[Result "0-1"]
[WhiteElo "1475"]
[BlackElo "1534"]
[Opening "French: King's Indian attack"]
[ECO "C00"]
[Time "14:35:27"]
[TimeControl "2700+45"]

1. e4 e6 2. d3 d5 3. Nd2 Nf6 4. Ngf3 dxe4 5. dxe4 Nc6 6. Bb5 Bd7 7. O-O a6 8.
Bxc6 Bxc6 9. Re1 Nxe4 10. Ne5 Nxd2 11. Nxc6 bxc6 12. Bxd2 Bd6 13. Qg4 Qf6 14.
Bc3 Qg6 15. Qa4 O-O 16. Qxc6 Qxc2 17. Rac1 Qf5 18. Re3 Qd5 19. Qa4 Qg5 20. Rce1
Qf4 21. Qxf4 Bxf4 22. Re4 Bd6 23. Rf4 {White resigns} 0-1

[Event "Team 45 45 League T54"]
[Site "Internet Chess Club"]
[Date "2012.09.15"]
[Round "5"]
[White "nurmi"]
[Black "carokantor"]
[Result "0-1"]
[WhiteElo "1917"]
[BlackElo "2071"]
[Opening "Van't Kruijs opening"]
[ECO "A00"]
[Time "20:00:57"]
[TimeControl "2700+45"]

1. e3 g6 2. d4 Bg7 3. Nf3 d6 4. Bc4 Nf6 5. O-O Nc6 6. c3 O-O 7. Qe2 Bf5 8. Nh4
Bg4 9. f3 Be6 10. Bd3 Bd7 11. Nd2 e5 12. g3 d5 13. b4 exd4 14. exd4 Re8 15. Qf2
Re6 16. Nb3 b6 17. Ng2 a5 18. b5 Na7 19. a4 Nc8 20. Bd2 Nd6 21. g4 h6 22. h4 Rc8
23. Nf4 Re8 24. g5 hxg5 25. hxg5 Nh7 26. Qg2 c6 27. bxc6 Bxc6 28. Ne2 Nc4 29. f4
Ne3 30. Bxe3 Rxe3 31. Rf3 Qe7 32. Nd2 Re8 33. Be4 Rxf3 34. Bxf3 Qe3+ 35. Qf2
Qxd2 {White resigns} 0-1

[Event "Team 45 45 League T54"]
[Site "Internet Chess Club"]
[Date "2012.09.13"]
[Round "5"]
[White "The7thGuest"]
[Black "Pason"]
[Result "1/2-1/2"]
[WhiteElo "2027"]
[BlackElo "2070"]
[Opening "French: classical, Steinitz variation"]
[ECO "C14"]
[Time "12:00:05"]
[TimeControl "2700+45"]

1. d4 e6 2. e4 d5 3. Nc3 Nf6 4. Bg5 Be7 5. e5 Nfd7 6. Bxe7 Qxe7 7. f4 a6 8. Nf3
c5 9. dxc5 Nxc5 10. Be2 Bd7 11. O-O b5 12. a3 O-O 13. b4 Na4 14. Nxa4 bxa4 15.
Nd4 Nc6 16. Nxc6 Bxc6 17. Qd4 {Game drawn by mutual agreement} 1/2-1/2

[Event "Team 45 45 League T54"]
[Site "Internet Chess Club"]
[Date "2012.09.14"]
[Round "5"]
[White "koni"]
[Black "Killian"]
[Result "1-0"]
[WhiteElo "1957"]
[BlackElo "1993"]
[Opening "Sicilian defense"]
[ECO "B30"]
[Time "14:00:41"]
[TimeControl "2700+45"]

1. e4 c5 2. Nf3 Nc6 3. d3 g6 4. g3 Bg7 5. Bg2 d6 6. O-O Bg4 7. c3 e6 8. Nbd2
Nge7 9. h3 Bxf3 10. Nxf3 O-O 11. Bg5 Qb6 12. Qd2 Rad8 13. Rab1 d5 14. exd5 Rxd5
15. Rfd1 Rfd8 16. Qe2 h6 17. Be3 Qa6 18. Ne1 Re5 19. f4 Rf5 20. Be4 Rh5 21. Kh2
Qxa2 22. Ra1 Qb3 23. Ng2 a5 24. g4 Rhd5 25. Bxd5 Qxd5 26. Bf2 Qd6 27. Qe3 b6 28.
Bg3 Qd5 29. Qe4 Qb3 30. Rd2 b5 31. Bh4 f6 32. Ne3 b4 33. Nc4 bxc3 34. bxc3 Qxc3
35. Ra3 Qd4 36. Qxe6+ Kh7 37. Bg3 Qd5 38. Re2 Rd7 39. Nb6 Qxe6 40. Rxe6 Rc7 41.
Nc4 f5 42. Nxa5 Nd4 43. Rb6 Nd5 44. Rb7 Nc2 45. Rxc7 Nxc7 46. Rb3 Nd5 47. Rb5
fxg4 48. hxg4 Ncb4 49. Rxc5 Nf6 50. Kh3 Nxd3 51. Rc4 Nd5 52. Nb7 Ne3 53. Ra4 g5
54. f5 h5 55. gxh5 Nxf5 56. Ra3 Nb4 57. Ra5 Nxg3 58. Kxg3 Bf6 59. Nd6 Nc6 60.
Ra6 Be5+ 61. Kg4 Bxd6 62. Rxc6 Bf8 63. Kxg5 Be7+ 64. Kg4 Bf8 65. Ra6 Bb4 66. h6
{Black resigns} 1-0

[Event "Team 45 45 League T54"]
[Site "Internet Chess Club"]
[Date "2012.09.17"]
[Round "5"]
[White "cesaralexander"]
[Black "poni"]
[Result "1/2-1/2"]
[WhiteElo "1911"]
[BlackElo "1893"]
[Opening "Old Indian defense"]
[ECO "A42"]
[Time "16:39:01"]
[TimeControl "2700+45"]

1. d4 d6 2. c4 e5 3. Nc3 exd4 4. Qxd4 Nc6 5. Qd1 g6 6. Nf3 Bg7 7. Nd5 Nf6 8. Bg5
h6 9. Bxf6 Bxf6 10. Nxf6+ Qxf6 11. Qb3 O-O 12. e3 Re8 13. Be2 Rb8 14. O-O a6 15.
a3 Be6 16. Qc2 Bf5 17. Qb3 Be6 18. Qc2 d5 19. b4 dxc4 20. Bxc4 Ne5 21. Nxe5 Qxe5
22. Bxe6 Rxe6 23. Rac1 c6 24. Rfd1 Ree8 25. Rd7 Red8 26. Qd3 Rxd7 27. Qxd7 a5
28. Qd4 Qxd4 29. exd4 axb4 30. axb4 Rd8 31. Rd1 Rd5 32. Kf1 Rb5 33. Rb1 Kf8 34.
Ke2 Ke7 35. Kd3 Kd6 36. Kc4 Rf5 37. Rb2 h5 38. h4 Rf4 39. g3 Rf3 40. b5 Rf5 41.
bxc6 bxc6 42. Re2 Ra5 43. Kb4 Ra1 44. Kc4 Rc1+ 45. Kd3 Rd1+ 46. Kc4 Rc1+ 47. Kd3
Rd1+ 48. Kc4 Rc1+ 49. Kd3 Rd1+ 50. Kc4 Rc1+ 51. Kd3 Rd1+ 52. Kc4 {Game drawn by
repetition} 1/2-1/2

[Event "Team 45 45 League T54"]
[Site "Internet Chess Club"]
[Date "2012.09.15"]
[Round "5"]
[White "Jack-ONeill"]
[Black "CamNewton"]
[Result "0-1"]
[WhiteElo "2020"]
[BlackElo "2207"]
[Opening "French: Fort Knox variation"]
[ECO "C03"]
[Time "12:01:28"]
[TimeControl "2700+45"]

1. e4 e6 2. d4 d5 3. Nd2 dxe4 4. Nxe4 Bd7 5. Nf3 Bc6 6. Bd3 Nd7 7. Qe2 Ngf6 8.
Neg5 Bxf3 9. Nxf3 c5 10. O-O cxd4 11. Nxd4 Bc5 12. Nf3 Qc7 13. Bg5 h6 14. Bh4 g5
15. Bg3 Bd6 16. Bxd6 Qxd6 17. Rad1 O-O-O 18. Rfe1 Kb8 19. Nd2 Qf4 20. Nc4 Nc5
21. Qe5+ Qxe5 22. Nxe5 Nxd3 23. Rxd3 Rxd3 24. cxd3 Rf8 25. h4 Kc7 26. hxg5 hxg5
27. Rc1+ Kd6 28. d4 a6 29. a3 Ne4 30. Nc4+ Kd5 31. Nb6+ Kd6 32. Nc8+ Kd5 33.
Nb6+ Kd6 34. Nc8+ Kd7 35. Nb6+ Kd8 36. f3 Nd6 37. Kf2 f6 38. Re1 Ke7 39. Nd5+
Kf7 40. Nc7 Rc8 41. Nxe6 Rc2+ 42. Kg1 Rxb2 43. Nd8+ Kg6 44. Re7 Kf5 45. Rd7 Nc4
46. Rxb7 Rd2 47. Rb3 Rxd4 48. Nc6 Rd6 49. Nb4 a5 50. Nd3 Rd5 51. Rc3 Nd2 52. Kf2
Nb1 53. Rb3 Nd2 54. Rc3 Nb1 55. Rb3 a4 56. Rxb1 Rxd3 57. Ra1 Ke5 58. Kg3 f5 59.
Kf2 Kd5 60. Kg3 Kc4 61. Rc1+ Rc3 {White resigns} 0-1

[Event "Team 45 45 League T54"]
[Site "Internet Chess Club"]
[Date "2012.09.16"]
[Round "5"]
[White "jorobo"]
[Black "Ptzz"]
[Result "0-1"]
[WhiteElo "1972"]
[BlackElo "2098"]
[Opening "English: symmetrical variation"]
[ECO "A34"]
[Time "10:33:16"]
[TimeControl "2700+45"]

1. c4 c5 2. Nc3 g6 3. Nf3 Bg7 4. e3 Nf6 5. Be2 O-O 6. O-O Re8 7. d4 cxd4 8. exd4
d5 9. h3 dxc4 10. Bxc4 Nc6 11. a3 e6 12. Re1 a6 13. Bg5 b5 14. Ba2 Bb7 15. Qd2
Qb6 16. Rad1 Ne7 17. Bxf6 Bxf6 18. Ne4 Bg7 19. Ne5 Bxe4 20. Rxe4 Red8 21. Nxf7
Kxf7 22. Rxe6 Qxe6 23. Bxe6+ Kxe6 24. Qf4 Bf6 25. d5+ Rxd5 26. Qe4+ Kd6 27. Qf4+
Be5 28. Qb4+ Ke6 29. Qg4+ Kd6 30. Qb4+ Kc6 31. Rc1+ Kd7 32. Qg4+ Ke8 33. Qe6
Rad8 34. g3 Rd1+ 35. Rxd1 Rxd1+ 36. Kg2 Bd6 37. Qe4 Rd5 38. Qe6 a5 39. Qf6 h5
40. g4 hxg4 41. hxg4 g5 42. Qc3 b4 43. axb4 Bxb4 44. Qh8+ Kd7 45. Qa8 Ke6 46. b3
Ke5 47. Qb8+ Ke4 48. Qf8 Kd3 49. Qf3+ Kc2 50. Qe3 Kb2 51. Kg3 Ng6 52. Qe4 Nf4
53. Qc4 Rd3+ 54. Kh2 Rh3+ 55. Kg1 Rxb3 56. Qd4+ Rc3 57. Qe5 Kb3 58. Kh2 Rh3+ 59.
Kg1 Rc3 60. Kh2 Rc5 61. Qe3+ Kc2 62. Qe4+ Nd3 63. f4 gxf4 64. Qe2+ Bd2 65. Qe4
Re5 66. Qa4+ Kc3 67. Qa1+ Kb3 68. Qd1+ Kc3 69. Qa1+ Nb2 70. Qa3+ Kc2 71. Qd6
Re2+ 72. Kh3 f3 73. g5 f2 74. Kg2 Nd3 75. g6 Re1 76. Qf8 Rg1+ 77. Kh2 Bf4+
{White resigns} 0-1

[Event "Team 45 45 League T54"]
[Site "Internet Chess Club"]
[Date "2012.09.13"]
[Round "5"]
[White "PandorasBox"]
[Black "bshribharath"]
[Result "1/2-1/2"]
[WhiteElo "1891"]
[BlackElo "1893"]
[Opening "English opening"]
[ECO "A20"]
[Time "17:03:58"]
[TimeControl "2700+45"]

1. c4 e5 2. g3 Nf6 3. Bg2 Nc6 4. Nc3 Bb4 5. a3 Bxc3 6. bxc3 O-O 7. Rb1 d6 8. d3
e4 9. d4 Na5 10. Bg5 Nxc4 11. Qb3 Be6 12. Qb4 a5 13. Qa4 b5 14. Rxb5 Qd7 15.
Bxf6 gxf6 16. Bxe4 Rab8 17. Rxa5 Nxa5 18. Qxa5 d5 19. Bd3 Ra8 20. Qc5 Qd6 21.
Qxd6 cxd6 22. Nf3 Rxa3 23. Kd2 Ra2+ 24. Ke3 Re8 25. Kf4 Rc8 26. Rc1 Ra3 27. Nh4
Raxc3 28. Rxc3 Rxc3 29. Ke3 Ra3 30. f4 Ra2 31. f5 Bc8 32. Ng2 Ba6 33. Nf4 Bxd3
34. Kxd3 Ra1 35. Nxd5 Kg7 36. Ke4 Rh1 37. Nf4 Rxh2 38. Kd5 Rf2 39. e3 Rf3 40.
Ke4 Rf1 41. Nh5+ Kh6 42. Nxf6 Kg5 43. Nxh7+ Kg4 44. Nf6+ Kg5 45. Nh7+ Kg4 {Game
drawn by mutual agreement} 1/2-1/2